AoeStats
← kolemy

Nomad

504944124Analyzed
2v2 RM · 24d ago on Sep 7, 2026· 31m 37s· 4 players
Game mode
Random Map
Map size
176×176
Population
200
Speed
Normal
Resources
Standard
Victory
Conquest
Starting age
Dark Age
Ending age
Imperial Age
RankedLock teamsTeams togetherTeam positionsShared explorationLock speedFull tech treeHidden civsTurbo modeCheats
Victory
Defeat
🇲🇽 Spanish · Mexico
688
+12
🇬🇹 Vietnamese · Guatemala
559
+17
🇺🇸 Huns · United States
657
-17
🇺🇸 Bohemians · United States
539
-12
drtySASQUATCH69
11:02 Loom
28:16 Feudal Age
29:44 Wheelbarrow
28:52 Horse Collar
29:01 Double-Bit Axe
29:10 Gold Mining
29:18 Fishing Lines
30:24 Stone Mining
Scoobydoo117778
9:36 Loom
22:39 Feudal Age
23:34 Double-Bit Axe
23:33 Horse Collar
32:45 Castle Age
Said664TJ
16:09 Feudal Age
19:39 Wheelbarrow
18:49 Horse Collar
18:57 Double-Bit Axe
23:00 Castle Age
23:56 Bow Saw
23:48 Heavy Plow
23:43 Stone Mining
23:44 Gold Mining
25:05 Wheelbarrow
24:51 Padded Archer Armor
24:52 Scale Mail Armor
24:58 Scale Barding Armor
25:03 Forging
24:44 Fletching
30:39 Pikeman
kolemy
18:45 Feudal Age
19:50 Double-Bit Axe
19:54 Fishing Lines
21:23 Horse Collar
25:14 Gold Mining
25:15 Stone Mining
26:11 Wheelbarrow
25:23 Town Watch
25:25 Loom
27:49 Castle Age
31:40 Bow Saw
Connection lost

Rejoining the realm…

Still unreachable

The connection could not be restored.

Session expired

The server has moved on; the page needs a fresh start.